 Dungeon Crawl Stone Soup version 0.30-a0-989-g0d87f670db (webtiles) character file.

Game seed: 1203749039348617603

385 Dirtsage the Ruffian (level 6, -5/47 HPs)
             Began as a Demonspawn Berserker on Apr 3, 2023.
             Was a Priest of Trog.
             Killed from afar by Ijyb (11 damage)
             ... with a puff of flame
             ... on level 5 of the Dungeon.
             The game lasted 00:05:34 (3888 turns).

Dirtsage the Ruffian (Demonspawn Berserker)         Turns: 3888, Time: 00:05:35

Health: -5/47      AC:  8    Str: 19    XL:     6   Next: 48%
Magic:  6/6        EV:  7    Int:  9    God:    Trog [***...]
Gold:   64         SH:  0    Dex: 12    Spells: 5/5 levels left

rFire   . . .      SeeInvis .      - Unarmed
rCold   . . .      Faith    .    (no shield)
rNeg    . . .      Spirit   .    e - +0 chain mail
rPois   .          Reflect  .    (no helmet)
rElec   .          Rampage  .    (no cloak)
rCorr   .                        (no gloves)
Will    .....                    (no boots) Stlth
                                 (no amulet)
HPRegen 0.27/turn                (no ring)
MPRegen 0.10/turn                (no ring)

@: no status effects
A: claws 1, foul stench 1, weakness stinger 2
a: Renounce Religion, Berserk, Trog's Hand


You were on level 5 of the Dungeon.
You worshipped Trog.
Trog was most pleased with you.
You visited 2 branches of the dungeon, and saw 6 of its levels.

You collected 159 gold pieces.
You spent 95 gold pieces at shops.

Inventory:

Hand Weapons
 a - a +0 hand axe
Armour
 b - a +0 animal skin
 e - a +0 chain mail (worn)
Scrolls
 f - 4 scrolls of enchant weapon {unknown}
 h - a scroll of silence {unknown}
 i - a scroll of identify
 k - 2 scrolls of enchant armour {unknown}
 l - a scroll of noise {unknown}
 o - a scroll of amnesia {unknown}
 p - a scroll of magic mapping {unknown}
 q - a scroll of butterflies {unknown}
 t - 2 scrolls of teleportation
 B - a scroll of blinking
Potions
 c - a potion of magic
 d - 2 potions of curing {unknown}
 g - 2 potions of might {unknown}
 j - 2 potions of lignification {unknown}
 m - a potion of haste {unknown}
 n - 2 potions of berserk rage {unknown}
 r - 2 potions of brilliance {unknown}


   Skills:
 - Level 3.0 Fighting
 - Level 3.2 Axes
 - Level 1.7 Armour
 - Level 1.7 Dodging
 * Level 5.7 Unarmed Combat


You had 5 spell levels left.
You didn't know any spells.
Your spell library contained the following spells:

 Spells                   Type           Power      Damage    Failure   Level
 Gell's Gravitas          Tloc           0%         N/A       100%        3
 Teleport Other           Tloc           0%         N/A       100%        3
 Dispersal                Tloc           0%         N/A       100%        6


Dungeon Overview and Level Annotations

Branches:
Dungeon (5/15)             Temple (1/1) D:4

Altars:
Ashenzari
Fedhas

Shops:
D:3 *:*   D:4 :

Annotations:
D:5 Ijyb


Innate Abilities, Weirdness & Mutations

You have sharp fingernails.
You may rarely emit foul miasma when damaged in melee.
You have a tail ending in a sharp stinger.


Message History

You barely miss the iguana. Ijyb closely misses you. The iguana bites you!
You take 7 damage, and have 19/47 hp.
You claw the iguana!
Your tail-slap misses the iguana.
The iguana is heavily wounded.
Ijyb barely misses you.
The iguana bites you but does no damage.
You scratch the iguana.
Your tail-slap misses the iguana.
The iguana is almost dead.
Ijyb hits you with a +0 club. The iguana barely misses you.
You take 2 damage, and have 17/47 hp.
You closely miss the iguana.
The iguana is almost dead.
Ijyb zaps a wand.
The puff of flame hits you. The iguana bites you!
* * * LOW HITPOINT WARNING * * *
You take 11 damage, and have 6/47 hp.
MASSIVE DAMAGE!!
You scratch the iguana.
You kill the iguana!
Trog accepts your kill.
You scratch Ijyb.
Ijyb is lightly wounded.
Ijyb hits you but does no damage.
You scratch Ijyb. You tail-slap Ijyb, but do no damage.
Ijyb is moderately wounded.
Ijyb hits you but does no damage.
You claw Ijyb!
Ijyb is severely wounded.
Ijyb hits you but does no damage.
You barely miss Ijyb.
Ijyb is severely wounded.
Ijyb zaps a wand.
The puff of flame hits you.
* * * LOW HITPOINT WARNING * * *
You take 1 damage, and have 6/47 hp.
You scratch Ijyb but do no damage.
Ijyb is severely wounded.
Ijyb hits you with a +0 club.
* * * LOW HITPOINT WARNING * * *
You scratch Ijyb but do no damage.
Ijyb is severely wounded.
Ijyb zaps a wand.
The puff of flame hits you!
You die...

........ ##.##
.......# #..#
....... ##[###
......###..#.#
.............##
.......#......###
.....###.....)..###
....##
##.[.......####
....#
#.......g@....#
...##
#.........###....#
...# #.........#
#... ..##
#..........# . .##
#..........# ##
#...........#
#.....P.P...#
........#


You could see Ijyb.

Vanquished Creatures
  A scorpion (D:4)
  A wyvern zombie (D:5)
  An iguana (D:5)
  An orc wizard (D:4)
  7 gnolls
  3 adders
  A worm (D:2)
  4 dart slugs
  12 orcs
  8 endoplasms
  4 giant cockroaches
  3 goblins
  5 hobgoblins
  4 jackals
  6 quokkas
  9 ball pythons
  7 bats
  2 frilled lizards
  8 kobolds
  7 rats
94 creatures vanquished.

Vanquished Creatures (others)
  An orc wizard (D:5)
1 creature vanquished.

Grand Total: 95 creatures vanquished

Notes
Turn   | Place    | Note
-------+----------+-------------------------------------------
     0 | D:1      | Dirtsage the Demonspawn Berserker began the quest for the
                  | Orb.
     0 | D:1      | Reached XP level 1. HP: 18/18 MP: 1/1
   315 | D:1      | Discovered your monstrous ancestry.
   315 | D:1      | Gained mutation: You have a small tail. [demonic ancestry]
   315 | D:1      | Reached XP level 2. HP: 24/24 MP: 2/2
   591 | D:1      | Reached skill level 1 in Unarmed Combat
  1254 | D:2      | Found a broken altar of Ashenzari.
  1300 | D:2      | Gained mutation: You have sharp fingernails. [demonic
                  | ancestry]
  1300 | D:2      | Reached XP level 3. HP: 28/29 MP: 3/3
  1412 | D:2      | Reached skill level 2 in Unarmed Combat
  2014 | D:3      | Found Anirgh's Assorted Antiques.
  2026 | D:3      | Found Qivulod's Book Boutique.
  2039 | D:3      | Found a faded altar of an unknown god.
  2087 | D:3      | Reached XP level 4. HP: 18/35 MP: 4/4
  2212 | D:3      | Reached ** piety under Trog
  2261 | D:3      | Reached skill level 3 in Unarmed Combat
  2528 | D:3      | Found Jymutuin's General Store.
  2537 | D:3      | Bought a scroll of identify for 20 gold pieces
  2537 | D:3      | Bought a scroll of blinking for 75 gold pieces
  2604 | D:3      | Identified the +5 mace "Puilik" {freeze, *Slow rElec rN+
                  | Dex+2}
  2755 | D:4      | Found Vyon's Book Boutique.
  2835 | D:4      | Gained mutation: You have a tail ending in a sharp stinger.
                  | [demonic ancestry]
  2835 | D:4      | Reached XP level 5. HP: 35/41 MP: 5/5
  2896 | D:4      | Reached skill level 4 in Unarmed Combat
  3032 | D:4      | Found a staircase to the Ecumenical Temple.
  3041 | Temple   | Entered the Ecumenical Temple
  3120 | D:4      | Identified the +9 trident "Xoqut" {freeze, rF- rC+ Int+7
                  | Dex+2}
  3449 | D:4      | Reached skill level 5 in Unarmed Combat
  3449 | D:4      | Gained mutation: You may rarely emit foul miasma when
                  | damaged in melee. [demonic ancestry]
  3449 | D:4      | Reached XP level 6. HP: 45/47 MP: 6/6
  3584 | D:5      | Entered Level 5 of the Dungeon
  3851 | D:5      | Noticed Ijyb
  3856 | D:5      | Reached *** piety under Trog
  3888 | D:5      | Killed from afar by Ijyb

Illustrated notes

Levels and vault maps discovered:
D:1:      dpeg_arrival_prison, layout_basic, dk_noncrumbling_2,
          hangedman_decor_points, serial_bayou_pond_c
D:2:      layout_loops_ring, basic_altar
D:3:      layout_rooms, hellmonk_ecumenical_altar_blasted, serial_shops, shop,
          shop, nicolae_diamond_shop, kennysheep_pointless_box,
          kennysheep_flooded_box, st_stairs_14
D:4:      layout_loops_ring, minmay_temple_entry_slanted, serial_shops, shop
D:5:      layout_cave_pods, mainiacjoe_overflow_concentric_impassable,
          trog_hazing_becter, serial_undead, serial_undead_b, serial_undead_b,
          serial_undead_e, serial_undead_b, uniq_ijyb
Temple:   dshaligram_water_room_temple

Skill      XL: |  1  2  3  4  5 |
---------------+----------------+-----
Axes           | 3 |  3.2
Unarmed Combat | 1 2 3 5 |  5.7
Fighting       | |  3.0
Armour         | |  1.7
Dodging        | |  1.7

Action                     |  1- 3 |  4- 6 || total
---------------------------+-------+-------++-------
  Melee: Hand axe          |    64 |       ||    64
         Punch             |     1 |     4 ||     5
         Tailslap          |    16 |    16 ||    32
         Unarmed           |    62 |   185 ||   247
    Use: Scroll            |       |     2 ||     2
 Armour: Animal skin       |     6 |       ||     6
         Chain mail        |    51 |    98 ||   149
  Dodge: Dodged            |    51 |    57 ||   108

Table legend: (Time is in decaauts)
 A = Elapsed time spent in this place.
 B = Non-inter-level travel time spent in this place.
 C = Inter-level travel time spent in this place.
 D = Time resting spent in this place.
 E = Time spent auto-exploring this place.
 F = Levels seen in this place.
 G = Mean time per level.
                   A        B        C        D        E       F      G
               +--------+--------+--------+--------+--------+-----+--------+
         Total |   3881 |   3704 |    177 |    185 |   2877 |   6 |  646.8 |
       Dungeon |   3879 |   3702 |    177 |    185 |   2877 |   5 |  775.8 |
        Temple |      1 |      1 |      0 |      0 |      0 |   1 |    1.0 |
               +--------+--------+--------+--------+--------+-----+--------+

Top non-repeatable levels by time:
     D:1: 1263 daAuts
     D:4: 950 daAuts
     D:2: 753 daAuts
     D:3: 687 daAuts
     D:5: 225 daAuts
  Temple: 1 daAuts
